 Dungeon Crawl Stone Soup version 0.30.1-11-g7821555f0a (webtiles) character file.

Game seed: 12474181465869664578

2671 anacleto the Skirmisher (level 9, -4/46 HPs)
             Began as a Spriggan Hunter on Dec 8, 2023.
             Shot with an arrow by a centaur (5 damage)
             ... on level 7 of the Dungeon.
             The game lasted 00:32:00 (10609 turns).

anacleto the Skirmisher (Spriggan Hunter)          Turns: 10609, Time: 00:32:01

Health: -4/46      AC:  5    Str:  9    XL:     9   Next: 37%
Magic:  4/10       EV: 22    Int: 10    God:
Gold:   237        SH:  0    Dex: 21    Spells: 3/8 levels left

rFire   . . .        a - +0 shortbow
rCold   . . .        (shield currently unavailable)
rNeg    . . .        z - +0 steam dragon scales
rPois   .            h - +0 hat
rElec   .            (no cloak)
rCorr   .            (gloves unavailable)
SInv    +            (boots unavailable)
Will    +....        (no amulet)
Stlth   ++++         (no ring)
HPRegen 0.27/turn    (no ring)
MPRegen 0.12/turn

%: no passive effects
@: very slightly contaminated, very quick
A: very small, no large weapons, unfitting armour, see invisible, speed 3
a: no special abilities


You were on level 7 of the Dungeon.
You visited 2 branches of the dungeon, and saw 8 of its levels.

You collected 296 gold pieces.
You spent 59 gold pieces at shops.

Inventory:

Hand Weapons
 a - a +0 shortbow (weapon)
 b - a +5 war axe of freezing
Missiles
 n - 64 stones
Armour
 h - a +0 hat (worn)
 z - +0 steam dragon scales (worn)
Scrolls
 c - a scroll of immolation
 d - a scroll of enchant weapon {unknown}
 e - a scroll of fear
 g - 3 scrolls of amnesia
 j - 2 scrolls of summoning
 m - 4 scrolls of teleportation
 r - 2 scrolls of vulnerability
 u - 2 scrolls of enchant armour {unknown}
 v - 2 scrolls of silence {unknown}
 x - 2 scrolls of identify
 y - a scroll of blinking {unknown}
Potions
 f - a potion of curing
 i - 2 potions of berserk rage {unknown}
 k - 2 potions of lignification
 l - a potion of flight {unknown}
 o - 4 potions of attraction
 p - a potion of mutation {unknown}
 q - a potion of invisibility
 s - 6 potions of might {unknown}
 t - a potion of haste {unknown}
 w - a potion of resistance {unknown}


   Skills:
 + Level 4.3 Fighting
 * Level 8.3 Ranged Weapons
 + Level 7.0 Dodging
 + Level 7.9 Stealth
 + Level 3.6 Air Magic
 + Level 4.3 Poison Magic


You had 3 spell levels left.
You knew the following spells:

 Your Spells              Type           Power      Damage    Failure   Level
a - Poisonous Vapours     Pois/Air       14%        N/A       12%         2
b - Swiftness             Air            7%         N/A       26%         3

Your spell library contained the following spells:

 Spells                   Type           Power      Damage    Failure   Level
 Foxfire                  Conj/Fire      0%         2x1d4     36%         1
 Mephitic Cloud           Conj/Pois/Air  5%         N/A       36%         3
 Ensorcelled Hibernation  Hex/Ice        0%         N/A       50%         2
 Lesser Beckoning         Tloc           0%         N/A       50%         2
 Passwall                 Tmut/Erth      0%         N/A       50%         2
 Gell's Gravitas          Tloc           0%         N/A       75%         3
 Teleport Other           Tloc           0%         N/A       75%         3
 Fireball                 Conj/Fire      0%         3d3       100%        5
 Freezing Cloud           Conj/Ice/Air   1%         6-21      100%        5
 Plasma Beam              Fire/Air       1%         2x1d12    100%        6
 Starburst                Conj/Fire      0%         6d3       100%        6


Dungeon Overview and Level Annotations

Branches:
Dungeon (7/15)             Temple (1/1) D:6

Altars:
Dithmenos
Elyvilon
Gozag
Kikubaaqudgha
Makhleb
Nemelex Xobeh
Okawaru
Qazlal
Ru
Uskayaw
Vehumet
Xom
Yredelemnul
The Shining One

Shops:
D:1 *   D:3 [   D:4 *

Annotations:
D:7 1 runed translucent door, Crazy Yiuf


Innate Abilities, Weirdness & Mutations

You are very small and have problems with some larger weapons.
You are too small for most types of armour.
You have supernaturally acute eyesight. (SInv)
You cover ground extremely quickly. (Speed+++)


Message History

Aim: a centaur, wielding a +2 shortbow of flaming (lightly wounded, poisoned)
You miscast Poisonous Vapours.
You are very lightly contaminated with residual magic.
Nothing appears to happen.
The centaur shoots an arrow.
The arrow hits you! The arrow burns you.
Fire: a) +0 shortbow
Press: ? - help, Q - select action, (/) - cycle Shift-Dir - straight line, f/p - centaur
Aim: a centaur, wielding a +2 shortbow of flaming (lightly wounded, poisoned, 77% to hit)
You shoot an arrow. The arrow hits the centaur.
The centaur is moderately wounded.
The centaur shoots an arrow.
The arrow closely misses you.
Fire: a) +0 shortbow
Press: ? - help, Q - select action, (/) - cycle Shift-Dir - straight line, f/p - centaur
Aim: a centaur, wielding a +2 shortbow of flaming (moderately wounded, poisoned, 77% to hit)
You shoot an arrow. The arrow hits the centaur.
The centaur is heavily wounded.
The centaur shoots an arrow.
The arrow barely misses you.
Fire: a) +0 shortbow
Press: ? - help, Q - select action, (/) - cycle Shift-Dir - straight line, f/p - centaur
Aim: a centaur, wielding a +2 shortbow of flaming (heavily wounded, poisoned, 77% to hit)
You shoot an arrow.
The arrow hits the centaur but does no damage.
The centaur is heavily wounded.
The centaur shoots an arrow.
The arrow hits you! The arrow burns you.
The centaur shoots an arrow.
The arrow hits you!
* * * LOW HITPOINT WARNING * * *
The arrow burns you.
* * * LOW HITPOINT WARNING * * *
You feel better.
The centaur shoots an arrow.
The arrow completely misses you.
Casting: Poisonous Vapours (safe; 12% risk of failure)
Confirm with . or Enter, or press ? or * to list all spells.
Aiming: Poisonous Vapours (safe; 12% risk of failure)
Press: ? - help, Dir - move target, f/p - centaur
Aim: a centaur, wielding a +2 shortbow of flaming (heavily wounded, poisoned)
You miscast Poisonous Vapours.
Nothing appears to happen.
The centaur shoots an arrow.
The arrow completely misses you.
The centaur shoots an arrow.
The arrow hits you!
* * * LOW HITPOINT WARNING * * *
The arrow burns you.
You die...

.#.##.....####.......#
....#..##.#......#...###
.#......#.#.....##.....###
..#.##....##.....###...#.#
#.###.....#......###.....##
#.....#...#.#c##..##......#
......#.....##.#..#..#....#
......#.....##.......#....#
.....)......#...@...###.###
......#........#.......##
#.....#......####.......#
..#.........## #......##
.######.##..# #....#.# .#
####..## ########
#########.)..# ##
##.....##...##..#
###.##.#).......#


You could see a centaur (poisoned).

Vanquished Creatures
  A wyvern (D:6)
  A steam dragon (D:6)
  A water moccasin (D:6)
  An orc warrior (D:6)
  4 ice beasts (D:6)
  A black bear (D:6)
  2 ogres
  A centaur (D:6)
  A phantom (D:6)
  A kobold brigand (D:7)
  2 bullfrogs
  2 scorpions
  4 wights
  A howler monkey (D:6)
  4 hounds
  5 orc priests
  2 jellies
  2 sleepcaps
  An iguana (D:6)
  5 orc wizards
  Robin (D:2)
  3 gnolls (D:4)
  5 adders
  An ufetubus (D:4)
  4 worms
  A dart slug (D:1)
  18 orcs
  4 ball pythons
  7 endoplasms
  6 giant cockroaches
  10 goblins
  9 hobgoblins
  11 jackals
  8 kobolds
  2 quokkas
  A bat (D:3)
  5 rats
138 creatures vanquished.

Vanquished Creatures (collateral kills)
  A centaur (D:6)
  A scorpion (D:6)
2 creatures vanquished.

Grand Total: 140 creatures vanquished

Notes
Turn   | Place    | Note
-------+----------+-------------------------------------------
     0 | D:1      | anacleto the Spriggan Hunter began the quest for the Orb.
     0 | D:1      | Reached XP level 1. HP: 10/10 MP: 2/2
   284 | D:1      | Reached XP level 2. HP: 15/15 MP: 3/3
   309 | D:1      | Found Xiavvesuv's General Store.
   315 | D:1      | Bought a potion of curing for 39 gold pieces
  1042 | D:2      | Noticed Robin
  1092 | D:1      | Reached XP level 3. HP: 8/18 MP: 4/4
  1345 | D:2      | Found a faded altar of an unknown god.
  1470 | D:2      | Identified the +1 robe "Ytzim" {-Tele Rampage rF++ Str+3}
  1588 | D:2      | Killed Robin
  1816 | D:3      | Learned a level 2 spell: Poisonous Vapours
  1928 | D:3      | Reached XP level 4. HP: 23/23 MP: 5/5
  2366 | D:3      | Found Gamothru's Antique Armour Boutique.
  2624 | D:3      | Reached skill level 5 in Ranged Weapons
  2624 | D:3      | Reached XP level 5. HP: 26/26 MP: 6/6
  2936 | D:4      | Reached skill level 1 in Poison Magic
  3007 | D:4      | Noticed an ogre
  3033 | D:4      | Killed an ogre
  3148 | D:4      | Reached XP level 6. HP: 32/32 MP: 7/7
  3559 | D:4      | Found a sparkling altar of Nemelex Xobeh.
  3966 | D:4      | Found Cutie's General Store.
  4018 | D:4      | Bought a scroll of identify for 20 gold pieces
  4066 | D:5      | Entered Level 5 of the Dungeon
  4243 | D:4      | Reached skill level 6 in Ranged Weapons
  4243 | D:4      | Reached XP level 7. HP: 23/35 MP: 8/8
  4426 | D:5      | Reached skill level 1 in Air Magic
  4455 | D:5      | Found a sacrificial altar of Ru.
  4563 | D:5      | Found a stormy altar of Qazlal.
  4624 | D:5      | Reached skill level 5 in Stealth
  5529 | D:6      | Reached skill level 5 in Dodging
  6098 | D:5      | Reached XP level 8. HP: 28/40 MP: 9/9
  6618 | D:6      | Found a radiant altar of Vehumet.
  7098 | D:6      | Reached skill level 7 in Ranged Weapons
  7870 | D:6      | Found a staircase to the Ecumenical Temple.
  8282 | Temple   | Entered the Ecumenical Temple
  8592 | D:6      | Reached XP level 9. HP: 45/45 MP: 10/10
  9290 | D:6      | Reached skill level 8 in Ranged Weapons
  9741 | D:7      | Learned a level 3 spell: Swiftness
 10476 | D:7      | Found a runed translucent door.
 10477 | D:7      | Noticed Crazy Yiuf
 10607 | D:7      | HP: 2/46 [centaur/arrow (1)]
 10609 | D:7      | Shot with an arrow by a centaur

Illustrated notes

Levels and vault maps discovered:
D:1:      amcnicky_arrival_choice, layout_basic, serial_shops, shop
D:2:      layout_basic, dreamdust_ecumenical_altar_grove,
          minmay_misc_feat_plants, uniq_robin
D:3:      layout_loops_cross, serial_shops, nicolae_shop_tiny_statue_garden
D:4:      layout_rooms, nemelex_dance_club_becter, serial_shops,
          nicolae_shop_peninsula, kennysheep_generic_room_7
D:5:      layout_layer_cave, nicolae_ru_sacrificial_ziggurat,
          amcnicky_altar_gilded
D:6:      layout_basic, nicolae_vehumet_radiance, minmay_temple_entry_nine_rooms
D:7:      layout_cave_pools, uniq_crazy_yiuf_cottage
Temple:   dpeg_chambers_temple

Skill      XL: |  1  2  3  4  5  6  7  8  9 |
---------------+----------------------------+-----
Stealth        | 2 3 4 5 7 |  7.9
Dodging        | 3 4 5 6 7 |  7.0
Fighting       | 2 3 4 |  4.3
Ranged Weapons | 5 6 7 8 |  8.3
Poison Magic   | 1 2 3 4 |  4.3
Air Magic      | 2 3 |  3.6

Action                     |  1- 3 |  4- 6 |  7- 9 || total
---------------------------+-------+-------+-------++-------
  Melee: Hand axe          |       |       |     3 ||     3
         Whip              |       |       |     2 ||     2
         Punch             |       |       |     1 ||     1
   Fire: Shortbow          |   123 |   160 |   385 ||   668
   Cast: Poisonous Vapours |       |       |    14 ||    14
    Use: Scroll            |       |     7 |     3 ||    10
         Potion            |       |       |     7 ||     7
 Armour: Robe              |     4 |     7 |     1 ||    12
         Steam dragon scal |       |       |    12 ||    12
  Dodge: Dodged            |    45 |    65 |   150 ||   260
